 Dungeon Crawl Stone Soup version 0.30-a0-719-gcc4359ea44 (webtiles) character file.

Game seed: 13144946247128173539

2278 Absynth the Cudgeller (level 9, -2/69 HPs)
             Began as a Demonspawn Berserker on Jan 26, 2023.
             Was an Elder of Trog.
             Slain by a gnoll
             ... wielding a +0 flail
             ... led by a gnoll sergeant
              (5 damage)
             ... on level 6 of the Dungeon.
             The game lasted 00:14:48 (6813 turns).

Absynth the Cudgeller (Demonspawn Berserker)        Turns: 6813, Time: 00:14:49

Health: -2/69      AC: 11    Str: 22    XL:     9   Next: 16%
Magic:  9/9        EV:  9    Int:  9    God:    Trog [****..]
Gold:   505        SH:  0    Dex: 12    Spells: 8/8 levels left

rFire   . . .      SeeInvis .    m - +1 hand axe (freeze)
rCold   . . .      Faith    .    (no shield)
rNeg    . . .      Spirit   .    B - +0 chain mail
rPois   .          Reflect  .    A - +0 helmet
rElec   .          Harm     .    (no cloak)
rCorr   +          Rampage  .    (no gloves)
Will    .....                    (no boots) Stlth
                                 (no amulet)
HPRegen 0.31/turn                w - ring of resist corrosion
MPRegen 0.11/turn                (no ring)

@: on berserk cooldown, slowed, very slow
A: ignite blood 1, powered by pain 1, weakness stinger 2, demonic touch 2
a: Renounce Religion, Berserk, Trog's Hand, Brothers in Arms


You were on level 6 of the Dungeon.
You worshipped Trog.
Trog was greatly pleased with you.
You visited 1 branch of the dungeon, and saw 6 of its levels.
You also visited: Ossuary.

You collected 505 gold pieces.

Inventory:

Hand Weapons
 a - a +0 mace
 m - a +1 hand axe of freezing (weapon)
Armour
 A - a +0 helmet (worn)
 B - a +0 chain mail (worn)
Jewellery
 w - a ring of resist corrosion (left hand)
 C - a ring of fire
Wands
 l - a wand of charming (6) (quivered)
 D - a wand of flame (24)
Scrolls
 b - 3 scrolls of blinking {unknown}
 g - a scroll of torment {unknown}
 k - 3 scrolls of magic mapping {unknown}
 o - a scroll of brand weapon {unknown}
 p - 5 scrolls of vulnerability {unknown}
 q - 5 scrolls of identify {unknown}
 s - 3 scrolls of teleportation {unknown}
 u - 2 scrolls of immolation {unknown}
 v - a scroll of noise {unknown}
 x - 3 scrolls of enchant armour {unknown}
 y - a scroll of acquirement {unknown}
Potions
 c - 2 potions of ambrosia {unknown}
 d - 5 potions of mutation {unknown}
 e - 6 potions of brilliance {unknown}
 f - 2 potions of degeneration {unknown}
 h - 3 potions of attraction {unknown}
 i - 2 potions of invisibility {unknown}
 j - 2 potions of resistance {unknown}
 n - 4 potions of curing {unknown}
 r - 3 potions of haste {unknown}
 t - 3 potions of heal wounds {unknown}
 z - a potion of flight {unknown}


   Skills:
 + Level 6.2 Fighting
 * Level 7.6 Maces & Flails
 + Level 5.3 Armour
 + Level 5.2 Dodging


You had 8 spell levels left.
You didn't know any spells.
Your spell library was empty.

Dungeon Overview and Level Annotations

Branches:
Dungeon (6/15)            Ossuary (visited)
 Temple: D:4-7

Altars:
Gozag
Nemelex Xobeh

Shops:
D:4 [


Innate Abilities, Weirdness & Mutations

Your demonic aura sometimes causes spilled blood to erupt in flames.
You sometimes gain a little power by taking damage.
You have a tail ending in a sharp stinger.
Your touch may inflict irresistible damage on your foes.


Message History

The gnoll hits you from afar with a +2 spear of distortion.
The gnoll barely misses you.
You closely miss the gnoll sergeant. The gnoll closely misses you.
The gnoll sergeant hits you with a +0 spear.
The gnoll hits you but does no damage. Space warps around you.
The gnoll sergeant hits you but does no damage.
The gnoll barely misses you.
You see here a +0 halberd.
You barely miss the gnoll.
The gnoll is almost dead.
You hit the gnoll sergeant but do no damage.
The gnoll sergeant hits you but does no damage.
The gnoll hits you with a +2 spear of distortion.
Space warps around you!
* * * LOW HITPOINT WARNING * * *
The gnoll sergeant hits you with a +0 spear.
* * * LOW HITPOINT WARNING * * *
The gnoll misses you.
You hit the gnoll. You freeze the gnoll.
You kill the gnoll!
Trog accepts your kill. The gnoll sergeant blocks your attack.
The gnoll sergeant hits you with a +0 spear.
* * * LOW HITPOINT WARNING * * *
You hit the gnoll but do no damage.
You tail-slap the gnoll, but do no damage.
You hit the gnoll sergeant but do no damage.
The gnoll sergeant hits you with a +0 spear.
* * * LOW HITPOINT WARNING * * *
The gnoll closely misses you. The gnoll sergeant closely misses you.
The gnoll hits you with a +0 flail.
* * * LOW HITPOINT WARNING * * *
The gnoll sergeant hits you with a +0 spear.
* * * LOW HITPOINT WARNING * * *
The gnoll sergeant hits you with a +0 spear!
* * * LOW HITPOINT WARNING * * *
The gnoll sergeant hits you with a +0 spear.
* * * LOW HITPOINT WARNING * * *
The gnoll hits you with a +0 flail.
You die...

....'..##..>.##....#######.....##
..†.#...'...............##'######
....#####....##....##...##.....##
###.....##+####....# ####.......
#...........#....# ..#.......
#...........#....+ ...#.....##
#....:......#....# ...>#.....##
###...........###+##.....#######
#.......######..@ggg# #.......#
#...g..# #.......# #......#
#.......# #......# #########
########


You could see a gnoll sergeant and 3 gnolls.

Vanquished Creatures
  4 yaks (D:6)
  Menkaure (Ossuary)
  An ice beast (D:5)
  Duvessa (D:6)
  A sky beast (D:6)
  3 ogres
  2 centaurs (D:6)
  A bullfrog (D:6)
  2 necrophages
  A scorpion (D:5)
  Dowan (D:6)
  A centaur zombie (Ossuary)
  A jelly (D:6)
  2 orc priests
  A hound (D:6)
  2 iguanas
  4 ogre zombies (Ossuary)
  6 mummies (Ossuary)
  3 gnolls
  7 adders
  A shadow imp (D:6)
  A white imp (D:5)
  An ufetubus (D:4)
  7 adder zombies (Ossuary)
  3 worms
  3 dart slugs
  10 orcs
  4 endoplasms
  4 goblins
  11 hobgoblins
  4 jackals (D:4)
  3 quokkas
  12 ball pythons
  5 bats
  2 frilled lizards (D:1)
  2 goblin zombies (Ossuary)
  8 hobgoblin zombies (Ossuary)
  4 kobolds
  A kobold zombie (Ossuary)
  4 quokka zombies (Ossuary)
  7 rats
  3 rat zombies (Ossuary)
145 creatures vanquished.

Vanquished Creatures (collateral kills)
  An orc (D:6)
1 creature vanquished.

Grand Total: 146 creatures vanquished

Notes
Turn   | Place    | Note
-------+----------+-------------------------------------------
     0 | D:1      | Absynth the Demonspawn Berserker began the quest for the
                  | Orb.
     0 | D:1      | Reached XP level 1. HP: 18/18 MP: 1/1
    38 | D:1      | Reached skill level 3 in Maces & Flails
    38 | D:1      | Gained mutation: Your demonic aura sometimes causes spilled
                  | blood to erupt in flames. [demonic ancestry]
    38 | D:1      | Reached XP level 2. HP: 15/24 MP: 2/2
   626 | D:1      | Reached ** piety under Trog
   627 | D:1      | Discovered your monstrous ancestry.
   627 | D:1      | Gained mutation: Your touch may inflict minor irresistible
                  | damage on your foes. [demonic ancestry]
   627 | D:1      | Reached XP level 3. HP: 28/29 MP: 3/3
  1609 | D:3      | Gained mutation: You have a small tail. [demonic ancestry]
  1609 | D:3      | Reached XP level 4. HP: 22/35 MP: 4/4
  1672 | D:3      | You fall into a shaft and drop 2 floors!
  1672 | D:5      | Entered Level 5 of the Dungeon
  1755 | D:5      | Noticed an ogre
  1761 | D:5      | Killed an ogre
  1762 | D:5      | Reached skill level 4 in Maces & Flails
  1762 | D:5      | Gained mutation: You have a tail ending in a sharp stinger.
                  | [demonic ancestry]
  1762 | D:5      | Reached XP level 5. HP: 42/42 MP: 5/5
  2020 | D:5      | Found a sand-covered staircase.
  2029 | Ossuary  | Entered an ossuary
  2070 | Ossuary  | Gained mutation: You sometimes gain a little power by
                  | taking damage. [demonic ancestry]
  2070 | Ossuary  | Reached XP level 6. HP: 30/48 MP: 6/6
  2483 | Ossuary  | Reached *** piety under Trog
  2598 | Ossuary  | Noticed Menkaure
  2612 | Ossuary  | Killed Menkaure
  2619 | Ossuary  | Reached skill level 5 in Maces & Flails
  2621 | Ossuary  | Reached XP level 7. HP: 43/55 MP: 7/7
  3244 | D:3      | Found an opulent altar of Gozag.
  3291 | D:3      | Found a sparkling altar of Nemelex Xobeh.
  3901 | D:4      | Found Hyax's Antique Armour Shop.
  3976 | D:4      | Identified the +0 robe of the Unbroken {*Slow rN+ Int+4}
  5487 | D:5      | Reached skill level 5 in Fighting
  5782 | D:6      | Reached skill level 6 in Maces & Flails
  5782 | D:6      | Gained mutation: Your touch may inflict irresistible damage
                  | on your foes. [demonic ancestry]
  5782 | D:6      | Reached XP level 8. HP: 39/62 MP: 8/8
  5943 | D:6      | Reached **** piety under Trog
  6123 | D:6      | Reached skill level 7 in Maces & Flails
  6248 | D:6      | Reached skill level 5 in Armour
  6248 | D:6      | Reached skill level 5 in Dodging
  6400 | D:6      | Reached XP level 9. HP: 69/69 MP: 9/9
  6409 | D:6      | Noticed Dowan
  6442 | D:6      | Killed Dowan
  6459 | D:6      | Noticed Duvessa
  6507 | D:6      | Killed Duvessa
  6813 | D:6      | HP: 3/69 [gnoll sergeant/+0 spear (2)]
  6813 | D:6      | Slain by a gnoll

Illustrated notes

Levels and vault maps discovered:
D:1:      heliophobic_arrival_enchanted_forest, layout_basic
D:2:      layout_basic
D:3:      layout_basic, grunt_gozag_breadcrumbs, mainiacjoe_overflow_alcove_4
D:4:      layout_basic, serial_shops, nicolae_shop_hallway_plus
D:5:      layout_layer_cave, nicolae_ossuary_entry_monument
D:6:      layout_gridville, nicolae_hepliaklqana_hippocampus, uniq_duvessa

Skill      XL: |  1  2  3  4  5  6  7  8 |
---------------+-------------------------+-----
Maces & Flails | 3 4 5 6 7 |  7.6
Armour         | 2 3 4 5 |  5.3
Dodging        | 2 3 4 5 |  5.2
Fighting       | 4 5 6 |  6.2

Action                     |  1- 3 |  4- 6 |  7- 9 || total
---------------------------+-------+-------+-------++-------
  Melee: Mace              |   115 |    87 |    44 ||   246
         Touch             |     9 |    18 |    35 ||    62
         Tailslap          |       |    27 |    28 ||    55
         Hand axe          |       |    27 |   132 ||   159
         Punch             |       |     1 |     3 ||     4
 Invoke: Berserk           |       |     2 |     5 ||     7
  Evoke: Wand              |       |       |     1 ||     1
 Armour: Animal skin       |     4 |       |       ||     4
         Ring mail         |    32 |    24 |    24 ||    80
         Leather armour    |     7 |       |       ||     7
         Scale mail        |       |       |     7 ||     7
         Chain mail        |       |       |    43 ||    43
  Dodge: Dodged            |    93 |    44 |   104 ||   241

Table legend: (Time is in decaauts)
 A = Elapsed time spent in this place.
 B = Non-inter-level travel time spent in this place.
 C = Inter-level travel time spent in this place.
 D = Time resting spent in this place.
 E = Time spent auto-exploring this place.
 F = Levels seen in this place.
 G = Mean time per level.
                   A        B        C        D        E       F      G
               +--------+--------+--------+--------+--------+-----+--------+
         Total |   6927 |   6668 |    259 |    804 |   4302 |   7 |  989.6 |
       Dungeon |   5976 |   5717 |    259 |    453 |   4078 |   6 |  996.0 |
       Ossuary |    950 |    950 |      0 |    351 |    224 |   1 |  950.0 |
               +--------+--------+--------+--------+--------+-----+--------+

Top non-repeatable levels by time:
     D:5: 1258 daAuts
     D:6: 1070 daAuts
     D:4: 1057 daAuts
     D:1: 1019 daAuts
     D:3: 957 daAuts
 Ossuary: 950 daAuts
     D:2: 612 daAuts
